 Dungeon Crawl Stone Soup version 0.23.0 (webtiles) character file.

Game seed: 11177020557630705290

196 tidbits the Charmwright (level 5, -6/43 HPs)
             Began as a Gnoll Skald on Feb 14, 2019.
             Killed from afar by Natasha (10 damage)
             ... with a magic dart
             ... on level 2 of the Dungeon.
             The game lasted 00:03:33 (404 turns).

tidbits the Charmwright (Gnoll Skald)                Turns: 404, Time: 00:03:34

Health: -6/43      AC:  3    Str: 11 (13) XL:     5   Next: 75%
Magic:  18/21      EV: 13    Int: 15 (17) God:
Gold:   45         SH:  0    Dex: 12 (14) Spells: 3/14 levels left

rFire    . . .     SeeInvis .   j - +0 scythe
rCold    . . .     Gourm    .   (shield currently unavailable)
rNeg     . . .     Faith    .   b - +0 leather armour
rPois    .         Spirit   .   (no helmet)
rElec    .         Reflect  .   (no cloak)
rCorr    .         Harm     .   (no gloves)
MR       +....                  (no boots)
Stlth    ++........             (no amulet)
HPRegen  0.14/turn              g - ring of protection from magic
MPRegen  0.17/turn              l - ring of magical power

@: flying
A: distributed training, fangs 1, strong nose
a: no special abilities


You were on level 2 of the Dungeon.
You were not hungry.

You visited 1 branch of the dungeon, and saw 3 of its levels.

You collected 45 gold pieces.

Inventory:

Hand Weapons
 a - a +0 spear
 i - a +2 dagger of flaming
   (You found it on level 2 of the Dungeon)
 j - a +0 scythe (weapon)
Missiles
 e - 27 bolts
Armour
 b - a +0 leather armour (worn)
 f - a +0 ring mail
 m - a +0 buckler
Jewellery
 g - a ring of protection from magic (left hand)
   (You found it on level 1 of the Dungeon)
 l - a ring of magical power (right hand)
   (You found it on level 2 of the Dungeon)
Scrolls
 c - a scroll of remove curse {unknown}
 h - a scroll of immolation {unknown}
Comestibles
 d - 3 rations


   Skills:
 + Level 4.8 Fighting
 + Level 1.6 Short Blades
 + Level 1.6 Long Blades
 + Level 1.6 Axes
 + Level 1.6 Maces & Flails
 + Level 4.8 Polearms
 + Level 1.6 Staves
 + Level 1.6 Slings
 + Level 1.6 Bows
 + Level 1.6 Crossbows
 + Level 1.6 Throwing
 + Level 3.0 Armour
 + Level 4.8 Dodging
 + Level 1.6 Stealth
 + Level 1.6 Shields
 + Level 1.6 Unarmed Combat
 + Level 5.2 Spellcasting
 + Level 1.2 Conjurations
 + Level 1.2 Hexes
 + Level 5.5 Charms
 + Level 1.2 Summonings
 + Level 1.2 Necromancy
 + Level 1.2 Translocations
 + Level 1.2 Transmutations
 + Level 1.2 Fire Magic
 + Level 1.2 Ice Magic
 + Level 1.2 Air Magic
 + Level 1.2 Earth Magic
 + Level 1.2 Poison Magic
 + Level 1.8 Invocations
 + Level 1.6 Evocations


You had 3 spell levels left.
You knew the following spells:

 Your Spells              Type           Power        Failure   Level  Hunger
g - Shroud of Golubria    Chrm/Tloc      ##........   8%          2    ##.....
i - Infusion              Chrm           ###.         1%          1    None
r - Regeneration          Chrm/Necr      ##........   16%         3    ###....
w - Spectral Weapon       Hex/Chrm       ##......     16%         3    ###....
y - Song of Slaying       Chrm           ###.....     3%          2    ##.....

Your spell library contained the following spells:

 Spells                   Type           Power        Failure   Level  Hunger


Dungeon Overview and Level Annotations

Branches:
Dungeon (3/15)

Altars:

Annotations:
D:2 Natasha
D:3 Terence


Innate Abilities, Weirdness & Mutations

Your experience applies equally to all skills.
You have very sharp teeth.
Your uncanny sense of smell can sniff out nearby items.


Message History

m - a buckler An adder comes into view.
Casting: Spectral Weapon (safe; 13% risk of failure)
Confirm with . or Enter, or press ? or * to list all spells.
You draw out your weapon's spirit!
The adder hisses angrily.
Unknown command.
Unknown command.
Attack whom?
Press: ? - help, Dir - move target cursor, f - adder
Aim: an adder You reach to attack!
You hit the adder.
The adder is lightly wounded.
Your spectral weapon hits the adder from afar.
The adder barely misses you. x2
You closely miss the adder.
The adder is severely wounded.
Your spectral weapon barely misses the adder.
The adder barely misses you. The adder bites you but does no damage.
You hit the adder but do no damage.
The adder is heavily wounded.
Your spectral weapon hits the adder.
The adder bites you but does no damage. The adder bites you.
You barely miss the adder.
The adder is severely wounded.
Your spectral weapon closely misses the adder.
The adder bites you.
You are poisoned.
The adder poisons you! The adder barely misses you.
The adder closely misses you.
You barely miss the adder. Your bite misses the adder.
The adder is severely wounded.
You feel sick.
Your spectral weapon barely misses the adder.
The adder bites you.
You are more poisoned.
The adder poisons you! The adder bites you but does no damage.
You completely miss the adder.
The adder is severely wounded.
You feel sick.
Your spectral weapon barely misses the adder.
The adder bites you. The adder bites you but does no damage.
You miss the adder.
The adder is severely wounded.
You feel sick.
Your spectral weapon misses the adder.
The adder bites you. x2
You are more poisoned.
The adder poisons you! The adder misses you.
You slash the adder!
You kill the adder!
You feel sick.
You feel sick.
You feel sick.
Your spectral weapon fades away.
Found a ruby potion.
You feel sick.
You feel sick.
You see here a ruby potion.
n - a ruby potion You feel sick.
You feel sick.
You feel sick.
You feel sick.
You are no longer poisoned.
Found 13 poisoned needles.
Natasha, Servant of Life and Death comes into view.
Unknown command.
Unknown command.
Unknown command.
Unknown command.
The helpless Natasha fails to defend herself.
You slash Natasha!
Natasha is heavily wounded.
Natasha barely misses you. Natasha claws you!
* * * LOW HITPOINT WARNING * * *
You barely miss Natasha.
Natasha is heavily wounded.
Natasha claws you.
* * * LOW HITPOINT WARNING * * *
Natasha claws you.
* * * LOW HITPOINT WARNING * * *
It was a potion of degeneration.
There was something very wrong with that liquid.
You feel weakened.
You feel dopey.
You feel clumsy. Natasha claws you.
* * * LOW HITPOINT WARNING * * *
It was a potion of flight.
You feel very buoyant.
You fly up into the air.
Natasha barely misses you.
You barely miss Natasha.
Natasha is heavily wounded.
Natasha barely misses you.
You barely miss Natasha.
Natasha is heavily wounded.
Natasha barely misses you. Natasha misses you.
Casting: Spectral Weapon (safe; 16% risk of failure)
Confirm with . or Enter, or press ? or * to list all spells.
You draw out your weapon's spirit!
Natasha stares at you and mumbles some strange words.
The magic dart hits you!
You die...

,*,**,,,,,*****##.#
,*,,,,,,,,,,,,,...#
,*,************#..#
**,* #..# ,,,**
#..# *,,,** #..#
,,,,,***#### #(.#
,,,,,,,,,..# #(h#*
....,****#.#
##@#.#* #...## #.#
##.###.## .....##
#.# #.## *#.#
......## #.#
##.###.## .......#
#.# ##.#.#*
.......# #.# #..#*
.......# #.# #..#
.......# #.# #..#
.....#.###.#####..#


You could see Natasha and a friendly spectral +0 scythe.

Vanquished Creatures
  Sigmund (D:2)
  2 adders (D:2)
  A worm (D:2)
  A ball python (D:2)
  A giant cockroach (D:2)
  2 goblins (D:1)
  2 hobgoblins (D:1)
  A bat (D:2)
  3 kobolds
  A rat (D:1)
15 creatures vanquished.

Notes
Turn   | Place    | Note
-------+----------+-------------------------------------------
     0 | D:1      | tidbits the Gnoll Skald began the quest for the Orb.
     0 | D:1      | Reached XP level 1. HP: 20/20 MP: 6/6
   129 | D:1      | Reached XP level 2. HP: 24/26 MP: 0/7
   133 | D:1      | Learned a level 2 spell: Song of Slaying
   136 | D:1      | Learned a level 2 spell: Shroud of Golubria
   178 | D:2      | Noticed Sigmund
   186 | D:2      | Killed Sigmund
   186 | D:2      | Reached skill level 1 in Short Blades
   186 | D:2      | Reached skill level 1 in Long Blades
   186 | D:2      | Reached skill level 1 in Axes
   186 | D:2      | Reached skill level 1 in Maces & Flails
   186 | D:2      | Reached skill level 1 in Staves
   186 | D:2      | Reached skill level 1 in Slings
   186 | D:2      | Reached skill level 1 in Bows
   186 | D:2      | Reached skill level 1 in Crossbows
   186 | D:2      | Reached skill level 1 in Throwing
   186 | D:2      | Reached skill level 3 in Armour
   186 | D:2      | Reached skill level 1 in Stealth
   186 | D:2      | Reached skill level 1 in Shields
   186 | D:2      | Reached skill level 1 in Unarmed Combat
   186 | D:2      | Reached skill level 5 in Spellcasting
   186 | D:2      | Reached skill level 1 in Conjurations
   186 | D:2      | Reached skill level 1 in Hexes
   186 | D:2      | Reached skill level 1 in Summonings
   186 | D:2      | Reached skill level 1 in Necromancy
   186 | D:2      | Reached skill level 1 in Translocations
   186 | D:2      | Reached skill level 1 in Transmutations
   186 | D:2      | Reached skill level 1 in Fire Magic
   186 | D:2      | Reached skill level 1 in Ice Magic
   186 | D:2      | Reached skill level 1 in Air Magic
   186 | D:2      | Reached skill level 1 in Earth Magic
   186 | D:2      | Reached skill level 1 in Poison Magic
   186 | D:2      | Reached skill level 1 in Invocations
   186 | D:2      | Reached skill level 1 in Evocations
   186 | D:2      | Reached XP level 3. HP: 32/32 MP: 0/9
   186 | D:2      | Reached XP level 4. HP: 38/38 MP: 0/11
   186 | D:2      | Reached XP level 5. HP: 43/43 MP: 0/12
   199 | D:2      | Learned a level 3 spell: Regeneration
   203 | D:2      | Learned a level 3 spell: Spectral Weapon
   265 | D:3      | Noticed Terence
   396 | D:2      | Noticed Natasha
   398 | D:2      | HP: 4/43 [Natasha (6)]
   404 | D:2      | Killed from afar by Natasha

Skill      XL: |  1  2 |
---------------+-------+-----
Short Blades   | 1 |  1.6
Long Blades    | 1 |  1.6
Axes           | 1 |  1.6
Maces & Flails | 1 |  1.6
Staves         | 1 |  1.6
Slings         | 1 |  1.6
Bows           | 1 |  1.6
Crossbows      | 1 |  1.6
Throwing       | 1 |  1.6
Armour         | 3 |  3.0
Stealth        | 1 |  1.6
Shields        | 1 |  1.6
Unarmed Combat | 1 |  1.6
Spellcasting   | 5 |  5.2
Conjurations   | 1 |  1.2
Hexes          | 1 |  1.2
Summonings     | 1 |  1.2
Necromancy     | 1 |  1.2
Translocations | 1 |  1.2
Transmutations | 1 |  1.2
Fire Magic     | 1 |  1.2
Ice Magic      | 1 |  1.2
Air Magic      | 1 |  1.2
Earth Magic    | 1 |  1.2
Poison Magic   | 1 |  1.2
Invocations    | 1 |  1.8
Evocations     | 1 |  1.6
Fighting       | |  4.8
Polearms       | |  4.8
Dodging        | |  4.8
Charms         | |  5.5

Action                   |  1- 3 |  4- 6 || total
-------------------------+-------+-------++-------
Melee: Spear             |    19 |    24 ||    43
       Bite              |     1 |     3 ||     4
       Scythe            |       |    19 ||    19
       Punch             |       |     1 ||     1
 Cast: Infusion          |     3 |       ||     3
       Spectral Weapon   |       |     4 ||     4
  Use: Potion            |       |     2 ||     2
       Scroll            |       |     1 ||     1
 Stab: Sleeping          |     1 |     1 ||     2
Armor: Leather armour    |       |    10 ||    10
Dodge: Dodged            |    12 |    21 ||    33

Table legend:
 A = Turns spent in this place as a percentage of turns spent in the entire game.
 B = Non-inter-level travel turns spent in this place as a percentage of non-inter-level travel turns spent in the entire game.
 C = Inter-level travel turns spent in this place as a percentage of turns spent in this place.
 D = Turns resting spent in this place as a percentage of non-inter-level travel turns spent in this place.
 E = Turns spent auto-exploring this place as a percentage of non-inter-level travel turns spent in this place.
 F = Non-inter-level travel turns spent in this place divided by the number of levels of this place that you've seen.
                   A       B       C       D       E      F
               +-------+-------+-------+-------+-------+----------------------
         Total | 100.0 | 100.0 |   0.0 |   0.0 |   0.0 | 134.7
       Dungeon | 100.0 | 100.0 |   0.0 |   0.0 |   0.0 | 134.7
               +-------+-------+-------+-------+-------+----------------------

Table legend:
 A = Kills in this place as a percentage of kills in entire the game.
 B = Kills by you in this place as a percentage of kills by you in the entire game.
 C = Kills by friends in this place as a percentage of kills by friends in the entire game.
 D = Other kills in this place as a percentage of other kills in the entire game.
 E = Experience gained in this place as a percentage of experience gained in the entire game.
 F = Experience gained in this place divided by the number of levels of this place that you have seen.
                   A       B       C       D       E      F
               +-------+-------+-------+-------+-------+----------------------
         Total | 100.0 | 100.0 |   N/A |   N/A | 100.0 |  93.7
       Dungeon | 100.0 | 100.0 |   N/A |   N/A | 100.0 |  93.7
               +-------+-------+-------+-------+-------+----------------------

Levels and vault maps discovered:
D:1:      minmay_arrival_widening_spiral_narrow, layout_rooms, minivault_23,
          minmay_pentomino_u4
D:2:      layout_loops_ring, minitemple, first_ration, uniq_robin, uniq_natasha,
          uniq_sigmund
D:3:      layout_rooms, trog_book, uniq_terence
